Unix NetHack Version 5.0.0-0 post-release - last build Jul 19 2026 19:10:59 (3aa4ab31751d3886436d94b585a96704892fd477,branch:main).

Game began 2026-07-23 17:20:09, ended 2026-07-24 17:40:16.

Anarchos, lawful female dwarven Valkyrie

     ----------
     |........|                                      -----------
     |...g....|                                      ...u.......
     |....@....W                                     |^..<.....|
     -----f----                                      |.........|
          #                                          --------- -
          #
          #
          #
          #       #
          #      ##
          ##     #
      -----.-----#
      |....x%...|#
      |.........|#
      |..........#
      -----------

Anarchos the Fighter        St:25 Dx:13 Co:17 In:8 Wi:15 Ch:8  Lawful
Dlvl:8  $:11 HP:0(77) Pw:25(25) AC:1  Xp:8 T:7494  Burdened Blind Deaf

Latest messages:
 You have a little trouble lifting $ - 11 gold pieces.
 You materialize in a different location!
 You hear a door open.
 You find a hidden door.
 This door is locked.
 This door is locked.
 This door is locked.
 This door is locked.
 This door is locked.
 This door is locked.
 This door is locked.
 This door is locked.
 In what direction? 4
 Whammm!!
 In what direction? 4
 As you kick the door, it crashes open!
 You are carrying too much to get through.
 You kill the jackal!
 You have trouble lifting a jackal corpse.  Continue? [ynq] (q) q
 You see here a jackal corpse.
 You find a hidden passage.
 You are momentarily blinded by a flash of light!
 You hear a deafening roar!
 A kitten suddenly appears next to you!
 A gargoyle suddenly appears next to you!
 What do you want to throw? [$bsx or ?*] o
 In what direction? 2
 The kitten seems more amiable.
 The gargoyle hits!
 The gargoyle hits again!
 The gargoyle bites!
 It hits!
 It hits again!
 The gargoyle hits!
 The gargoyle hits again!
 The gargoyle bites!
 It hits!
 It hits again!
 You stop.  Your kitten is in the way!
 It hits!
 It hits again!
 You stop.  Your kitten doesn't want to swap places.
 The gargoyle hits!
 The gargoyle hits again!
 The gargoyle just misses!
 It hits!
 You die...
 Do you want your possessions identified? [ynq] (y) y
 Do you want to see your attributes? [ynq] (y) y
 Do you want an account of creatures vanquished? [ynaq] (y) q

Inventory:
 Coins    ('$')
  $ - 11 gold pieces
 Weapons  (')')
  s - 5 +0 darts
  b - a +0 dagger (at the ready)
  a - a +1 dwarvish spear (weapon in right hand)
  x - a +0 elven dagger
 Armor    ('[')
  I - an uncursed corroded +0 pair of gauntlets of power (being worn)
  c - an uncursed +3 small shield (being worn)
  B - an uncursed +0 chain mail (being worn)
 Comestibles  ('%')
  i - an uncursed fortune cookie
  l - an uncursed lichen corpse
  C - an uncursed lizard corpse
 Wands    ('/')
  D - a wand of cold (0:7)
  j - a wand of digging (0:7)
  v - a wand of fire (0:8)
  m - a wand of locking (0:5)
  N - a wand of magic missile (0:5)
  r - a wand of make invisible (0:7)
  K - a wand of striking (0:4)
 Tools    ('(')
  y - an uncursed bag of holding containing 63 items

Contents of the bag of holding:
  170 gold pieces
  the +0 Sting
  a blessed +2 orcish helm
  an uncursed +0 orcish helm
  an uncursed +0 orcish helm
  an uncursed +0 orcish helm
  an uncursed +0 orcish helm
  an uncursed +0 orcish helm
  an uncursed +0 orcish helm
  an uncursed +0 orcish helm
  an uncursed +0 orcish helm
  a cursed -5 orcish helm
  a cursed +0 small shield
  an uncursed +0 mummy wrapping
  an uncursed +0 mummy wrapping
  an uncursed slime mold
  6 uncursed food rations
  2 uncursed eggs
  3 uncursed lichen corpses
  a blessed scroll of blank paper
  2 uncursed scrolls of blank paper
  an uncursed scroll of create monster
  2 uncursed scrolls of earth
  2 uncursed scrolls of enchant weapon
  an uncursed scroll of genocide
  a blessed scroll of gold detection
  an uncursed scroll of identify
  a cursed scroll of identify
  an uncursed scroll of light
  an uncursed scroll of teleportation
  an uncursed spellbook of clairvoyance
  an uncursed spellbook of extra healing
  an uncursed spellbook of force bolt
  a cursed spellbook of haste self
  an uncursed spellbook of healing
  an uncursed spellbook of light
  an uncursed spellbook of magic missile
  a blessed spellbook of restore ability
  a cursed potion of booze
  a blessed potion of gain ability
  an uncursed potion of gain ability
  an uncursed potion of gain level
  6 uncursed potions of healing
  2 cursed potions of healing
  2 uncursed potions of object detection
  a blessed potion of sickness
  an uncursed potion of water
  a cursed -1 ring of adornment
  a cursed -2 ring of adornment
  an uncursed ring of regeneration
  an uncursed ring of shock resistance
  an uncursed blindfold
  an uncursed mirror
  an uncursed mirror
  an uncursed mirror
  a cursed mirror
  an uncursed tin whistle
  a +0 unicorn horn
  an uncursed amethyst stone
  an uncursed topaz stone
  an uncursed worthless piece of black glass
  an uncursed worthless piece of white glass
  an uncursed worthless piece of yellow glass

Anarchos the Valkyrie's attributes:

Background:
 You were a Fighter, a level 8 dwarven Valkyrie.
 You were lawful, on a mission for Tyr
 who was opposed by Odin (neutral) and Loki (chaotic).
 You were right-handed.
 You were in the Dungeons of Doom, on level 8.
 You entered the dungeon 7494 turns ago.
 You had 1649 experience points, 911 more were needed to attain level 9.

Basics:
 You had 0 out of 77 hit points.
 You had all 25 energy points (spell power).
 Your armor class was 1.
 Your wallet contained 11 zorkmids, and
 you had 170 more stashed away in your pack.
 Autopickup was on for all types.

Final Characteristics:
 Your strength was 25 (base:3, peak:18/01, innate limit:18/100).
 Your dexterity was 13 (limit:20).
 Your constitution was 17 (peak:18, limit:20).
 Your intelligence was 8 (limit:16).
 Your wisdom was 15 (limit:16).
 Your charisma was 8 (limit:16).

Final Status:
 You were temporarily blind.
 You were deaf.
 You weren't hungry.
 You were burdened; movement was slightly slowed.
 You were wielding a spear.
 You were skilled in spear.

Final Attributes:
 You were piously aligned.
 You were cold resistant.
 You would have seen invisible when not blind.
 You were telepathic.
 You had infravision.
 You were stealthy.
 You were warded.
 You were fast.
 You are dead (2nd time!).

Miscellaneous:
 You didn't encounter any bones levels.
 Total elapsed playing time was 4 hours, 17 minutes and 14 seconds.

Major events:
 Turn
    1: Anarchos the lawful dwarven Valkyrie entered the dungeon
  814: attained the rank of Skirmisher (level 3)
 3867: entered Sokoban
 3971: attained the rank of Fighter (level 6)
 4568: completed 1st Sokoban level
 5307: completed 2nd Sokoban level
 5981: completed 3rd Sokoban level
 6003: averted death (killed by a leocrotta)
 6916: chose an elven dagger to be named "Sting"
 7494: killed by a straw golem

You didn't know any spells.

Skills:
 Fighting Skills
   bare handed combat [Unskilled]
   two weapon combat  [Unskilled]
   riding             [Unskilled]
 Weapon Skills
   dagger             [Basic]
   axe                [Unskilled]
   pick-axe           [Unskilled]
   short sword        [Unskilled]
   broadsword         [Unskilled]
   long sword         [Unskilled]
   two-handed sword   [Unskilled]
   saber              [Unskilled]
   hammer             [Unskilled]
   quarterstaff       [Unskilled]
   polearms           [Unskilled]
   spear              [Skilled]
   trident            [Unskilled]
   lance              [Unskilled]
   sling              [Unskilled]
 Spellcasting Skills
   attack spells      [Unskilled]
   escape spells      [Unskilled]

Voluntary challenges:
 Character rerolling was not enabled.
 You never genocided any monsters.
 You never polymorphed an object.
 You used no wishes.
 You did not violate any of the special Sokoban rules.
Achievements:
 You attained the rank of Skirmisher.
 You entered a shop.
 You entered Sokoban.
 You attained the rank of Fighter.

 The Dungeons of Doom: levels 1 to 8
    Level 1:
    Level 2:
       A general store, a fountain.
    Level 3:
       An altar to Tyr, a fountain, a grave.
    Level 4:
       Many fountains.
    Level 5:
    Level 6:
       Oracle of Delphi.
    Level 7:
       A fountain, some sinks.
       Stairs up to Sokoban, level 6.
    Level 8: <- You were here.
       Final resting place for
          you, killed by a straw golem.
 Sokoban: levels 6 up to 3
    Level 3:
       Unsolved.
    Level 4:
       Solved.
    Level 5:
       Solved.
    Level 6:
       Solved.


Vanquished creatures:
  2 giant mimics
  a large dog
  a tengu
 an ochre jelly
  a leocrotta
  a pit viper
  a cockatrice
 an orc-captain
  a giant spider
  a black light
  a vampire bat
  a yeti
  a werewolf
  a lizard
  a white unicorn
  2 gnome mummies
  a human zombie
  2 Woodland-elves
  2 quasits
  a wood nymph
  a water nymph
  a mountain nymph
  a rock piercer
  a rock mole
  a fog cloud
  a gnome leader
  a kobold mummy
  a golden naga hatchling
  a paper golem
  2 baby crocodiles
  2 giant ants
  2 little dogs
  2 floating eyes
 12 hill orcs
  4 rothes
  a rabid rat
  2 monkeys
  4 orc zombies
  2 wererats
  a werejackal
  5 iguanas
  4 acid blobs
  5 coyotes
  2 hobbits
  4 manes
  a large kobold
  2 hobgoblins
  4 giant rats
  2 cave spiders
  a green mold
  4 garter snakes
  6 geckos
  6 jackals
  2 foxes
  2 kobolds
  4 goblins
  2 sewer rats
  6 grid bugs
  8 lichens
  a kobold zombie
  5 newts
143 creatures vanquished.

No species were genocided or became extinct.

Game over:
                       ----------
                      /          \
                     /    REST    \
                    /      IN      \
                   /     PEACE      \
                  /                  \
                  |     Anarchos     |
                  |      181 Au      |
                  |   killed by a    |
                  |   straw golem    |
                  |                  |
                  |                  |
                  |       2026       |
                 *|     *  *  *      | *
        _________)/\\_//(\/(/\)/\//\/|_)_______

Farvel Anarchos the Valkyrie...

You died in The Dungeons of Doom on dungeon level 8 with 7119 points,
and 181 pieces of gold, after 7494 moves.
You were level 8 with a maximum of 77 hit points when you died.

